 Dungeon Crawl Stone Soup version 0.16.1-12-gf5c4a84 (webtiles) character file.

455 digdugdiggy the Basher (level 6, -3/51 HPs)
             Began as a Minotaur Fighter on Apr 9, 2015.
             Killed from afar by an electric eel (13 damage)
             ... with a bolt of electricity
             ... on level 7 of the Dungeon.
             The game lasted 00:05:45 (4116 turns).

digdugdiggy the Basher (Minotaur Fighter)           Turns: 4116, Time: 00:05:45

Health: -3/51      AC:  6    Str: 21    XL:     6   Next: 76%
Magic:  3/3        EV:  9    Int:  5    God:
Gold:   269        SH:  5    Dex: 11    Spells: 0 memorised, 5 levels left

rFire  . . .     SeeInvis .     a - +1 flail
rCold  + . .     Clarity  .     b - +0 scale mail
rNeg   . . .     SustAb   .     o - +0 buckler
rPois  .         Gourm    .     (helmet restricted)
rElec  .         Spirit   .     (no cloak)
rCorr  .         Warding  .     (no gloves)
rMut   .         Stasis   .     (no boots)
MR     .....                    (no amulet)
Stlth  ..........               (no ring)
                                n - ring of protection from cold

@: not resistant to hostile enchantments, extremely unstealthy
A: retaliatory headbutt, horns 2
a: no special abilities


You were on level 7 of the Dungeon.
You were not hungry.

You visited 1 branch of the dungeon, and saw 6 of its levels.

You collected 269 gold pieces.

Inventory:

Hand weapons
 a - a +1 flail (weapon)
 p - a +0 whip of venom
Armour
 b - a +0 scale mail (worn)
 c - a +0 shield
 j - a +0 helmet
 o - a +0 buckler (worn)
Jewellery
 n - a ring of protection from cold (left hand)
 s - an uncursed ring of flight
 z - the ring of Kevytyg {Contam rPois rC- MR+ Int+3, unknown}
   (You found it on level 4 of the Dungeon)

   [ring of poison resistance]

   It affects your intelligence (+3).
   It makes you vulnerable to cold.
   It protects you from poison.
   It affects your resistance to hostile enchantments.
   It causes magical contamination when unequipped.
Magical devices
 q - a wand of hasting (2)
 C - a wand of digging (8)
Scrolls
 h - 4 scrolls of magic mapping
 k - 3 scrolls of remove curse
 t - 2 scrolls of identify
 v - 2 scrolls of teleportation {unknown}
 y - a scroll of fear
 A - a scroll of fog {unknown}
 B - a scroll of blinking {unknown}
 E - 2 scrolls of enchant weapon
Potions
 e - 2 potions of might
 f - 2 potions of curing {unknown}
 m - 2 potions of heal wounds {unknown}
 r - a potion of poison {unknown}
 u - a potion of haste {unknown}
 w - 2 potions of ambrosia {unknown}
 x - 2 potions of restore abilities {unknown}
 D - a potion of brilliance {unknown}
Comestibles
 d - 2 bread rations
 g - 3 beef jerkies
 i - 2 meat rations
 l - a slice of pizza


   Skills:
 - Level 3.6 Fighting
 * Level 8.1 Maces & Flails
 - Level 3.6 Armour
 - Level 5.0 Shields


You had 5 spell levels left.
You didn't know any spells.

Dungeon Overview and Level Annotations

Branches:
Dungeon (7/15)
 Temple: D:4-7

Altars:
Nemelex Xobeh
Qazlal

Shops:
D:4 :


Innate Abilities, Weirdness & Mutations

You reflexively headbutt those who attack you in melee.
You have a pair of horns on your head.


Message History

t - 2 scrolls of identify (gained 1)
There are no items here.
The electric eel shoots out a bolt of lightning at you!
The bolt of electricity hits you!
The electric eel shoots out a bolt of lightning at you!
The bolt of electricity hits you!
You hit the electric eel. You headbutt the electric eel!
The electric eel is severely wounded.
The electric eel shoots out a bolt of lightning at you!
The bolt of electricity hits you!
* * * LOW HITPOINT WARNING * * *
You closely miss the electric eel.
The electric eel is severely wounded.
You closely miss the electric eel.
The electric eel is severely wounded.
You hit the electric eel.
The electric eel is almost dead.
The electric eel shoots out a bolt of lightning at you!
The bolt of electricity hits you!
You die...

.#.##.#......####### ..
...........)........
##.####.##.#.............
......#....#.............
#.......###....≈≈≈≈≈.≈≈≈
#..............≈≈≈≈≈.≈≈
#...........##.≈≈≈≈≈.≈≈
#...........##.≈≈≈≈≈.≈≈
#......(....##@..?...≈≈
##..........##.;≈≈≈....
########.####.≈≈≈≈.≈≈ #.#
#.≈≈≈≈.≈≈ #.# #.≈≈≈≈.≈≈
#.# #.≈≈≈≈.≈ #.# #......
##.... #


You could see an electric eel.

Vanquished Creatures
  A centaur (D:5)
  A scorpion (D:4)
  2 hounds
  An orc priest (D:5)
  An iguana (D:4)
  A worker ant (D:4)
  Ijyb (D:3)
  Robin (D:4)
  6 adders
  A giant mite (D:3)
  3 worms
  An adder zombie (D:5)
  An adder skeleton (D:3)
  An ooze (D:2)
  3 orcs
  7 bats
  3 giant cockroaches
  18 goblins
  6 hobgoblins
  5 jackals
  A quokka (D:4)
  A giant gecko (D:1)
  A giant gecko skeleton (D:4)
  A giant newt (D:2)
  8 kobolds
  A quokka skeleton (D:5)
  9 rats
86 creatures vanquished.

Notes
Turn   | Place    | Note
--------------------------------------------------------------
     0 | D:1      | digdugdiggy, the Minotaur Fighter, began the quest for the Orb.
     0 | D:1      | Reached XP level 1. HP: 19/19 MP: 1/1
    93 | D:1      | Reached XP level 2. HP: 23/26 MP: 1/1
   768 | D:2      | Reached skill level 4 in Maces & Flails
   768 | D:2      | Reached XP level 3. HP: 20/31 MP: 2/2
  1857 | D:3      | Reached XP level 4. HP: 32/39 MP: 2/2
  2103 | D:3      | Noticed Ijyb
  2114 | D:3      | Killed Ijyb
  2115 | D:3      | Reached skill level 5 in Maces & Flails
  2376 | D:3      | Found a stormy altar of Qazlal.
  2377 | D:3      | Found a sparkling altar of Nemelex Xobeh.
  2739 | D:4      | Reached XP level 5. HP: 41/45 MP: 2/2
  2815 | D:4      | Reached skill level 5 in Shields
  2899 | D:4      | Got a coiled amber ring
  2998 | D:4      | Noticed Robin
  3025 | D:4      | Killed Robin
  3025 | D:4      | Reached skill level 6 in Maces & Flails
  3134 | D:4      | Found Kluonk's Book Shoppe.
  3270 | D:4      | Reached XP level 6. HP: 46/51 MP: 3/3
  3643 | D:4      | Reached skill level 7 in Maces & Flails
  3744 | D:5      | Entered Level 5 of the Dungeon
  3833 | D:5      | Reached skill level 8 in Maces & Flails
  4084 | D:5      | You fall through a shaft for 2 floors!
  4116 | D:7      | Killed from afar by an electric eel

Action                   |  1- 3 |  4- 6 || total
-------------------------+-------+-------++-------
Melee: Flail             |    72 |   122 ||   194
  Use: Scroll            |     7 |       ||     7
  Eat: Meat ration       |     1 |       ||     1
       Chunk             |       |     2 ||     2
       Bread ration      |       |     1 ||     1
